 Dungeon Crawl Stone Soup version 0.31-a0-460-g9e667d4245 (webtiles) character file.

Game seed: 17918752082752035311

635 MisterAzrael the Ruffian (level 7, 0/69 HPs)
             Began as an Octopode Shapeshifter on Aug 4, 2023.
             Was a Believer of Sif Muna.
             Slain by an orc
             ... wielding a +1 vampiric whip
              (3 damage)
             ... on level 5 of the Dungeon.
             The game lasted 00:04:55 (3433 turns).

MisterAzrael the Ruffian (Octopode Shapeshifter)    Turns: 3433, Time: 00:04:55

Health: 0/69       AC:  1    Str: 16    XL:     7   Next: 50%
Magic:  9/9        EV: 13    Int: 11    God:    Sif Muna [**....]
Gold:   164        SH:  0    Dex: 12    Spells: 9/9 levels left

rFire   . .          .
                       - Unarmed
rCold   . . .        (no shield)
rNeg    . . .        (helmet currently unavailable)
rPois   +            (no amulet)
rElec   .            j - ring of poison resistance
rCorr   .            (no ring)
SInv    .            (no ring)
Will    .....        (no ring) Stlth
                     (no ring)
HPRegen 0.31/turn    (no ring)
MPRegen 0.11/turn    (no ring)
                     (no ring)

%: no passive effects
@: confused, berserking, beast-form, very quick
A: beast (slay +3), almost no armour, amphibious, 8 rings, camouflage 1,
gelatinous body 1, (nimble swimmer 1), tentacles
a: Begin Untransformation, Renounce Religion, Channel Magic


You were on level 5 of the Dungeon.
You worshipped Sif Muna.
Sif Muna was pleased with you.
You were a hulking beast.
You visited 1 branch of the dungeon, and saw 5 of its levels.

You collected 164 gold pieces.

Inventory:

Missiles
 i - a throwing net
Jewellery
 j - a ring of poison resistance (left tentacle)
Talismans
 b - a beast talisman (active)
Scrolls
 c - a scroll of acquirement {unknown}
 e - 2 scrolls of identify
 g - a scroll of noise
 h - a scroll of enchant weapon {unknown}
Potions
 a - a potion of berserk rage
 d - a potion of enlightenment
 f - a potion of curing
 k - a potion of haste {unknown}


   Skills:
 + Level 3.1 Fighting
 - Level 2.1 Dodging
 + Level 4.0 Stealth
 * Level 5.2 Unarmed Combat
 + Level 1.6 Spellcasting
 * Level 4.6 Shapeshifting


You had 9 spell levels left.
You didn't know any spells.
Your spell library was empty.

Dungeon Overview and Level Annotations

Branches:
Dungeon (5/15)
 Temple: D:4-7

Altars:
Ashenzari
Makhleb
Sif Muna
Trog

Annotations:
D:5 Grinder


Innate Abilities, Weirdness & Mutations

You are a hulking beast.
Your limbs bulge with bestial killing power. (Slay +3)
You cannot wear most types of armour.
You are amphibious.
You can wear up to eight rings at the same time.
Your skin changes colour to match your surroundings (Stealth+).
Your rubbery body absorbs attacks. (AC +1, EV +1)
((You are camouflaged when in or above water. (Stealth+)))
You have tentacles for arms and can constrict up to eight enemies at once.


Message History

The magic dart hits you! The orc closely misses you.
The orc warrior closely misses you. The hound closely misses you.
You tentacle-slap the orc warrior but do no damage.
You grab the orc warrior. You tentacle-slap the orc warrior!
The orc warrior is moderately wounded.
You constrict the orc warrior, but do no damage.
The hound barely misses you.
The white imp lashes its tail.
The white imp barely misses you. The orc wizard casts a spell at you.
The puff of flame hits you! The orc barely misses you.
The orc warrior hits you with a +0 mace!
* * * LOW HITPOINT WARNING * * *
The orc misses you.
You bludgeon the orc warrior! You squeeze the orc warrior!
You kill the orc warrior!
Sif Muna accepts your kill. The hound bites you.
* * * LOW HITPOINT WARNING * * *
Your Fighting skill increases to level 3!
Your Stealth skill increases to level 4!
You bludgeon the hound! You grab the hound. Your squeeze misses the hound.
The hound is severely wounded.
You constrict the hound, but do no damage.
The white imp barely misses you. The orc hits you with a +0 hand axe.
* * * LOW HITPOINT WARNING * * *
The orc hits you with a +1 vampiric whip.
* * * LOW HITPOINT WARNING * * *
You batter the hound!!
You kill the hound!
Sif Muna accepts your kill.
You bludgeon the orc wizard! Your grab misses the orc wizard.
The orc wizard is heavily wounded.
The white imp barely misses you.
The orc wizard points at you and mumbles some strange words.
You are confused.
The orc hits you with a +0 hand axe.
* * * LOW HITPOINT WARNING * * *
The orc hits you with a +1 vampiric whip.
You die...

.. ###########..##
#.##.......##.<..##
##.............#...#
#.............###..##
#.............# ##..#
..........<..## ##.##
.............# ##.#
......o)o....# ###
.......ho....# ## ###
......5.....## ##. ..
............# ...#.##
#...........# .5(...#
##..........# ...<..#
#........### .......#
##......## >......#
#...##.. ........#


You could see an orc wizard, a white imp and 2 orcs.

Vanquished Creatures
  An orc warrior (D:5)
  2 black bears
  A jelly (D:3)
  2 hounds
  2 orc priests
  An iguana (D:3)
  An orc wizard (D:3)
  2 hound skeletons (D:3)
  3 gnolls (D:3)
  3 adders
  A worm (D:2)
  A dart slug (D:2)
  7 orcs
  7 ball pythons
  5 endoplasms
  3 giant cockroaches
  6 goblins
  7 hobgoblins
  7 kobolds
  4 quokkas
  2 ball python zombies (D:3)
  2 bats
  A frilled lizard (D:3)
  A quokka skeleton (D:3)
  A quokka zombie (D:3)
  2 rats (D:1)
75 creatures vanquished.

Notes
Turn   | Place    | Note
-------+----------+-------------------------------------------
     0 | D:1      | MisterAzrael the Octopode Shapeshifter began the quest for
                  | the Orb.
     0 | D:1      | Reached XP level 1. HP: 13/13 MP: 1/1
   336 | D:1      | Reached XP level 2. HP: 18/18 MP: 2/2
   522 | D:1      | Reached skill level 1 in Stealth
   804 | D:1      | Reached XP level 3. HP: 23/23 MP: 3/3
  1876 | D:3      | Noticed a black bear
  1881 | D:3      | Killed a black bear
  1882 | D:3      | Reached skill level 4 in Unarmed Combat
  1882 | D:3      | Reached XP level 4. HP: 24/29 MP: 4/4
  1882 | D:3      | Reached XP level 5. HP: 29/34 MP: 5/5
  2011 | D:3      | Found a faded altar of an unknown god.
  2021 | D:3      | Prayed at the altar of an unknown god.
  2021 | D:3      | Became a worshipper of Sif Muna the Loreminder
  2021 | D:3      | Reached * piety under Sif Muna
  2088 | D:5      | Entered Level 5 of the Dungeon
  2088 | D:5      | Noticed Grinder
  2349 | D:4      | Reached XP level 6. HP: 37/40 MP: 6/6
  2560 | D:4      | Found a bloodstained altar of Trog.
  2640 | D:4      | Found a broken altar of Ashenzari.
  2671 | D:4      | Noticed a black bear
  2677 | D:4      | Killed a black bear
  2872 | D:3      | Reached skill level 1 in Spellcasting
  3136 | D:3      | Reached ** piety under Sif Muna
  3141 | D:3      | Reached XP level 7. HP: 33/45 MP: 8/8
  3198 | D:3      | Found a burning altar of Makhleb.
  3373 | D:4      | Reached skill level 5 in Unarmed Combat
  3433 | D:5      | HP: 3/69 [orc/+0 hand axe (2)]
  3433 | D:5      | Slain by an orc

Illustrated notes

Levels and vault maps discovered:
D:1:      psy_arrival_basics, layout_loops_corners, minmay_misc_feat_plants,
          minmay_tree_intersection
D:2:      layout_loops_corners
D:3:      layout_basic, bloody_makhleb, basic_ecumenical_altar, serial_undead,
          serial_undead_b, serial_undead_a, serial_undead_b, serial_undead_d
D:4:      layout_cave_pools, kennysheep_mini, trog_three_pillars_becter,
          grunt_decor_resistance
D:5:      layout_cave_pods, palyth_temple_overflow_mages, led_xom_imps,
          minmay_temple_entry_crystal_x, hangedman_abyss_or_decor_lesser_grid,
          uniq_grinder, uniq_menkaure

Skill      XL: |  1  2  3  4  5  6  7 |
---------------+----------------------+-----
Stealth        | 1 2 3 4 |  4.0
Fighting       | 2 3 |  3.1
Unarmed Combat | 4 5 |  5.2
Shapeshifting  | 4 |  4.6
Spellcasting   | 1 |  1.6
Dodging        | |  2.1

Action                     |  1- 3 |  4- 6 |  7- 9 || total
---------------------------+-------+-------+-------++-------
  Melee: Unarmed           |    62 |    85 |    12 ||   159
         Constrict         |    16 |    18 |     4 ||    38
         Tentacles         |     9 |    16 |     2 ||    27
         Punch             |       |     3 |     1 ||     4
    Use: Scroll            |     5 |     1 |       ||     6
         Potion            |     1 |     3 |     1 ||     5
   Stab: Sleeping          |     8 |     6 |       ||    14
 Armour: Skin              |     4 |    50 |     1 ||    55
  Dodge: Dodged            |    20 |    30 |    14 ||    64

Table legend: (Time is in decaauts)
 A = Elapsed time spent in this place.
 B = Non-inter-level travel time spent in this place.
 C = Inter-level travel time spent in this place.
 D = Time resting spent in this place.
 E = Time spent auto-exploring this place.
 F = Levels seen in this place.
 G = Mean time per level.
                   A        B        C        D        E       F      G
               +--------+--------+--------+--------+--------+-----+--------+
         Total |   3429 |   3346 |     83 |    378 |   2359 |   5 |  685.8 |
       Dungeon |   3429 |   3346 |     83 |    378 |   2359 |   5 |  685.8 |
               +--------+--------+--------+--------+--------+-----+--------+

Top non-repeatable levels by time:
     D:1: 986 daAuts
     D:2: 872 daAuts
     D:3: 773 daAuts
     D:4: 760 daAuts
     D:5: 36 daAuts
